 Dungeon Crawl Stone Soup version 0.16-a0-3946-g4f19e5c (webtiles) character file.

118 Gorice the Skirmisher (level 5, -3/33 HPs)
             Began as a Kobold Wanderer on Feb 9, 2015.
             Slain by Natasha (7 damage)
             ... on level 3 of the Dungeon.
             The game lasted 00:15:47 (2363 turns).

Gorice the Skirmisher (Kobold Wanderer)             Turns: 2363, Time: 00:15:47

Health: -3/33      AC:  0    Str: 12    XL:     5   Next: 23%
Magic:  9/9        EV: 20    Int: 11    God:
Gold:   137        SH:  0    Dex: 19    Spells: 0 memorised, 8 levels left

rFire  . . .     SeeInvis .     a - melded +0 rapier
rCold  . . .     Clarity  .     h - melded +2 scale mail
rNeg   . . .     SustAb   .     (shield currently unavailable)
rPois  .         Gourm    .     (helmet currently unavailable)
rElec  .         Spirit   .     (cloak currently unavailable)
rCorr  .         Warding  .     (gloves currently unavailable)
rMut   +         Stasis   .     (boots currently unavailable)
MR     .....                    t - amulet of resist mutation
Stlth  +++.......               (ring currently unavailable)
                                n - melded ring of positive energy

@: agile, pig-form (expiring), slowed, not resistant to hostile enchantments,
fairly stealthy
A: carnivore 3
a: no special abilities


You were on level 3 of the Dungeon.
You were completely stuffed.
You were a filthy swine.
You visited 1 branch of the dungeon, and saw 3 of its levels.

You collected 137 gold pieces.

Inventory:

Hand weapons
 a - a +0 rapier (melded)
 d - a +0 dagger
 x - a +1 short sword
Missiles
 l - 20 bolts
 m - 31 sling bullets
 u - 10 poisoned sling bullets
 Z - 84 stones (quivered)
Armour
 h - a +2 scale mail (melded)
 p - a +0 leather armour
Jewellery
 n - a ring of positive energy (melded)
 t - an amulet of resist mutation (around neck)
 w - an uncursed ring of ice
Magical devices
 o - a wand of fire (10)
Scrolls
 e - 3 scrolls of amnesia
Potions
 i - a potion of resistance {!q}
 r - a potion of might {unknown}
 v - a potion of poison {unknown}
Books
 b - Borgnjor's Reference Book on Evil

   Spells                             Type                      Level
   a - Pain                           Necromancy                   1
   b - Corpse Rot                     Necromancy                   2
 s - Jessica's Incunabulum of Aid
   (You found it on level 2 of the Dungeon)

   Spells                             Type                      Level
   a - Song of Slaying                Charms                       2
Comestibles
 f - 4 meat rations {!e}
 g - 2 slices of pizza
 k - a beef jerky
 q - 2 chunks of flesh


   Skills:
 + Level 4.1 Fighting
 * Level 4.1 Short Blades
 - Level 1.3 Throwing
 - Level 1.5 Armour
 + Level 2.3 Dodging
 - Level 1.3 Stealth
 - Level 2.0 Spellcasting
   Level 1.0 Necromancy


You had 8 spell levels left.
You didn't know any spells.

Dungeon Overview and Level Annotations

Branches:
Dungeon (3/15)

Altars:
Ashenzari
Cheibriados
Fedhas
Xom
The Shining One

Annotations:
D:2 Jessica
D:3 Natasha


Innate Abilities, Weirdness & Mutations

You are small and have problems with some larger weapons.
You are carnivorous and can eat meat at any time.


Message History

Drink which item? (? for menu, Esc to quit)
Really quaff
j - a potion of agility {!q}?
You feel agile all of a sudden. Natasha closely misses you.
You hit Natasha but do no damage.
Natasha is moderately wounded.
Natasha misses you.
Unknown command.
You hit Natasha.
Natasha is heavily wounded.
Natasha claws you!
* * * LOW HITPOINT WARNING * * *
The crimson imp blinks!
You take 9 damage.
Unknown command.
You closely miss Natasha.
Natasha is heavily wounded.
Natasha closely misses you.
Unknown command.
You hit Natasha but do no damage.
Natasha is heavily wounded.
Natasha casts a spell at you.
You feel yourself slow down. The crimson imp misses you.
Unknown command.
You closely miss Natasha.
Natasha is heavily wounded.
Your transformation is almost over.
Natasha stares at you and mumbles some strange words.
You feel as though you will be slow longer.
The crimson imp misses you.
Natasha gestures.
Suddenly you are surrounded with a pale green light.
Natasha closely misses you.
You hit Natasha but do no damage.
Natasha is heavily wounded.
The crimson imp closely misses you. Natasha completely misses you.
The crimson imp misses you.
Unknown command.
You hit Natasha but do no damage.
Natasha is heavily wounded.
Natasha closely misses you.
The crimson imp blinks!
Natasha claws you!
* * * LOW HITPOINT WARNING * * *
You take 7 damage.
Unknown command.
Drink which item? (? for menu, Esc to quit)
You feel better. Natasha claws you.
* * * LOW HITPOINT WARNING * * *
The crimson imp disappears in a puff of smoke!
Natasha claws you!
You die...

#...............
#...............
#................
#..............
#.............
#....h##...###
#####.##...# #.##...# ##
#.##h..######## #.
###ยง.h..........# #.
#.............#.# #.
#.###.....###.#.# ## #.#
##.##.###.#.######
##.####..#.#..........#
#.......(#.#..........##
#........#............'.
#..........._..._.....##


You could see Natasha.

Vanquished Creatures
  A crimson imp (D:3)
  4 worms (D:3)
  3 giant geckos
  4 orcs (D:3)
  5 giant cockroaches
  2 goblins (D:1)
  7 hobgoblins
  A quokka (D:1)
  A ball python (D:3)
  6 bats
  6 giant newts
  5 kobolds
  9 rats
54 creatures vanquished.

Notes
Turn   | Place    | Note
--------------------------------------------------------------
     0 | D:1      | Gorice, the Kobold Wanderer, began the quest for the Orb.
     0 | D:1      | Gorice set off with: a +2 scale mail, Borgnjor's Reference Book on Evil, a potion of curing, a +0 dagger, a meat ration {!e}
     0 | D:1      | Reached XP level 1. HP: 14/14 MP: 3/3
     0 | D:1      | Identified Borgnjor's Reference Book on Evil
    25 | D:1      | Reached skill level 1 in Short Blades
    50 | D:1      | Reached XP level 2. HP: 17/19 MP: 4/4
    51 | D:1      | --xpl2 before I got out the starting vault!
   216 | D:1      | Reached skill level 2 in Short Blades
   449 | D:1      | Reached skill level 1 in Dodging
   449 | D:1      | Reached XP level 3. HP: 15/23 MP: 6/6
   853 | D:2      | Noticed Jessica
  1561 | D:2      | Identified Jessica's Incunabulum of Aid
  1689 | D:3      | Reached skill level 3 in Short Blades
  1816 | D:3      | Reached XP level 4. HP: 26/29 MP: 7/7
  1827 | D:3      | Reached skill level 2 in Dodging
  1912 | D:3      | Found a shattered altar of Ashenzari.
  1912 | D:3      | Found a blossoming altar of Fedhas.
  1932 | D:3      | Reached skill level 4 in Fighting
  1963 | D:3      | Found a glowing golden altar of the Shining One.
  1964 | D:3      | Found a snail-covered altar of Cheibriados.
  1964 | D:3      | Found a shimmering altar of Xom.
  2107 | D:3      | HP: 6/29 [worm (6)]
  2134 | D:3      | Reached skill level 4 in Short Blades
  2134 | D:3      | Reached XP level 5. HP: 9/33 MP: 9/9
  2323 | D:3      | Noticed Natasha
  2351 | D:3      | HP: 9/33 [crimson imp[Natasha] (1)]
  2356 | D:3      | HP: 7/33 [Natasha (9)]
  2361 | D:3      | HP: 1/33 [Natasha (7)]
  2363 | D:3      | Slain by Natasha

Action                   |  1- 3 |  4- 6 || total
-------------------------+-------+-------++-------
Melee: Dagger            |    38 |       ||    38
       Short sword       |   118 |    20 ||   138
       Rapier            |       |    62 ||    62
       Unarmed           |       |    18 ||    18
Throw: Stone             |     1 |    43 ||    44
  Use: Scroll            |     6 |     1 ||     7
       Potion            |       |     3 ||     3
  Eat: Chunk             |    11 |     2 ||    13

Table legend:
 A = Turns spent in this place as a percentage of turns spent in the entire game.
 B = Non-inter-level travel turns spent in this place as a percentage of non-inter-level travel turns spent in the entire game.
 C = Inter-level travel turns spent in this place as a percentage of turns spent in this place.
 D = Turns resting spent in this place as a percentage of non-inter-level travel turns spent in this place.
 E = Turns spent auto-exploring this place as a percentage of non-inter-level travel turns spent in this place.
 F = Non-inter-level travel turns spent in this place divided by the number of levels of this place that you've seen.
                   A       B       C       D       E      F
               +-------+-------+-------+-------+-------+----------------------
         Total | 100.0 | 100.0 |   0.4 |   1.0 |   4.3 | 407.0
       Dungeon | 100.0 | 100.0 |   0.4 |   1.0 |   4.3 | 407.0
               +-------+-------+-------+-------+-------+----------------------

Vault maps used:
D:1:      dpeg_arrival_tiny_c
D:2:      minmay_door_path, kennysheep_jessica_study
D:3:      grunt_temple_overflow_open, first_bread, uniq_iyjb, uniq_natasha
